 Dungeon Crawl Stone Soup version 0.21.1-1-g345015fe64 (webtiles) character file.

77 Htamos the Chopper (level 4, -4/40 HPs)
             Began as a Minotaur Monk on July 10, 2018.
             Slain by a sky beast (5 damage)
             ... on level 2 of the Dungeon.
             The game lasted 00:02:27 (1715 turns).

Htamos the Chopper (Minotaur Monk)                  Turns: 1715, Time: 00:02:29

Health: -4/40      AC:  3    Str: 17    XL:     4   Next: 13%
Magic:  3/3        EV:  8    Int:  7    God:
Gold:   84         SH: 11    Dex: 12    Spells: 3/3 levels left

rFire    . . .     SeeInvis .   a - +0 hand axe
rCold    . . .     Gourm    .   e - +0 large shield
rNeg     . . .     Faith    .   b - +0 robe
rPois    .         Spirit   .   (helmet restricted)
rElec    .         Reflect  .   (no cloak)
rCorr    .         Harm     .   k - +0 pair of gloves
MR       .....                  (no boots)
Stlth    ++........             (no amulet)
HPRegen  0.13/turn              (no ring)
MPRegen  0.08/turn              (no ring)

@: no status effects
A: retaliatory headbutt, horns 2
a: no special abilities


You were on level 2 of the Dungeon.
You were not hungry.

You visited 1 branch of the dungeon, and saw 3 of its levels.

You collected 84 gold pieces.

Inventory:

Hand Weapons
 a - a +0 hand axe (weapon)
Armour
 b - a +0 robe (worn)
 e - a +0 large shield (worn)
 k - a +0 pair of gloves (worn)
Scrolls
 d - 2 scrolls of remove curse {unknown}
 f - a scroll of magic mapping {unknown}
 g - a scroll of random uselessness {unknown}
 j - 2 scrolls of identify {unknown}
Potions
 h - 2 potions of haste {unknown}
 i - a potion of might {unknown}
Comestibles
 c - 2 rations


   Skills:
 - Level 3.7 Fighting
 + Level 6.0 Axes
 - Level 3.3 Dodging
 - Level 1.5 Stealth


You had 3 spell levels left.
You didn't know any spells.

Dungeon Overview and Level Annotations

Branches:
Dungeon (3/15)

Altars:
Xom


Innate Abilities, Weirdness & Mutations

You reflexively headbutt those who attack you in melee.
You have a pair of horns on your head.


Message History

The sky beast is lightly wounded.
The sky beast barely misses you.
Unknown command.
You block the sky beast's attack.
You climb upwards.
There is a stone staircase leading down here.
You hit the sky beast but do no damage. Your headbutt misses the sky beast.
The sky beast is lightly wounded.
The sky beast flickers out of sight!
Deactivating autopickup; reactivate with Ctrl-A.
Something hits you. Something shocks you.
* * * LOW HITPOINT WARNING * * *
You miss something. Your headbutt misses something. Something hits you.
* * * LOW HITPOINT WARNING * * *
Something shocks you.
* * * LOW HITPOINT WARNING * * *
Something hits you.
* * * LOW HITPOINT WARNING * * *
Something shocks you.
You die...

#######.# #.......#.##..
#.......# #.......##.#..
#.#####.# #.......###.##
#.#####.# #.......>##.#
#.##....# ##.####..##.#
#.##.##.# #.####..##.#
##.##.##.# #.#........#
#......{.####.#..#..#.##
#.###.#.@...........#.#
#########.###.#..####.......#.#
.##.................#....#(##.#
.##.#####.##.##..##......#.##.#
....# #......(.####.........# #
##### ####.###....)...##.#### #
#.# ######......# #### #.#
##...### #...
############.###### #...# #.##


There were no monsters in sight!

Vanquished Creatures
  4 adders (D:2)
  A dart slug (D:1)
  A leopard gecko (D:2)
  2 giant cockroaches
  6 goblins
  4 hobgoblins (D:2)
  3 jackals (D:2)
  4 kobolds
  2 quokkas (D:2)
  2 bats
  4 frilled lizards
  4 rats
37 creatures vanquished.

Notes
Turn   | Place    | Note
-------+----------+-------------------------------------------
     0 | D:1      | Htamos the Minotaur Monk began the quest for the Orb.
     0 | D:1      | Reached XP level 1. HP: 19/19 MP: 0/0
   188 | D:1      | Reached skill level 4 in Axes
   279 | D:1      | Reached XP level 2. HP: 24/27 MP: 1/1
   892 | D:2      | Reached skill level 5 in Axes
   892 | D:2      | Reached XP level 3. HP: 14/33 MP: 2/2
  1400 | D:2      | Found a shimmering altar of Xom.
  1400 | D:2      | Found a shimmering altar of Xom.
  1400 | D:2      | Found a shimmering altar of Xom.
  1404 | D:2      | Found a shimmering altar of Xom.
  1420 | D:2      | Reached XP level 4. HP: 36/40 MP: 3/3
  1510 | D:2      | Reached skill level 6 in Axes
  1696 | D:3      | Noticed a sky beast
  1715 | D:2      | HP: 2/40 [something (6)]
  1715 | D:2      | Slain by a sky beast

Skill      XL: |  1  2  3  4 |
---------------+-------------+-----
Axes           | 4 5 6 |  6.0
Fighting       | |  3.7
Dodging        | |  3.3
Stealth        | |  1.5

Action                   |  1- 3 |  4- 6 || total
-------------------------+-------+-------++-------
Melee: Hand axe          |    87 |     9 ||    96
       Headbutt          |    12 |       ||    12
 Stab: Sleeping          |     4 |       ||     4
  Eat: Chunk             |     1 |     2 ||     3
Armor: Robe              |     6 |     1 ||     7
Dodge: Dodged            |    27 |     2 ||    29
Block: Large shield      |    52 |     3 ||    55
